 Dungeon Crawl Stone Soup version 0.29.1-14-g9c671dbff4 (webtiles) character file.

Game seed: 17446135424110335797

14 Leech the Vexing (level 2, -2/11 HPs)
             Began as a Felid Enchanter on Feb 21, 2023.
             Killed from afar by Natasha (6 damage)
             ... with a magic dart
             ... on level 2 of the Dungeon.
             The game lasted 00:02:07 (632 turns).

Leech the Vexing (Felid Enchanter)                   Turns: 632, Time: 00:02:08

Health: -2/11      AC:  1    Str:  4    XL:     2   Next: 27%
Magic:  6/6        EV: 17    Int: 16    God:
Gold:   35         SH:  0    Dex: 16    Spells: 3/5 levels left
                                        Lives:  0   Deaths: 0

rFire   . . .      SeeInvis +     - Unarmed
rCold   . . .      Faith    .   (shield unavailable)
rNeg    . . .      Spirit   .   (body armour unavailable)
rPois   .          Reflect  .   (helmet unavailable)
rElec   .          Harm     .   (cloak unavailable)
rCorr   .          Rampage  .   (gloves unavailable)
Will    .....                   (boots unavailable)
Stlth   +++.......              (no amulet)
HPRegen 0.03/turn               (no ring)
MPRegen 0.10/turn               (no ring)

@: weak-willed, invisible, quick
A: very small, claws 1, fangs 3, see invisible, speed 1, shaggy fur 1, stealthy
paws, no weapons or thrown items, no armour, multi-lived
a: no special abilities


You were on level 2 of the Dungeon.
You visited 1 branch of the dungeon, and saw 2 of its levels.

You collected 35 gold pieces.

Inventory:

Scrolls
 b - a scroll of fear {unknown}
 d - a scroll of acquirement {unknown}


   Skills:
 * Level 0.1 Fighting
 * Level 3.0 Dodging
 * Level 4.2 Stealth
 * Level 1.3 Unarmed Combat
 * Level 2.0 Spellcasting
 * Level 4.7 Hexes


You had 3 spell levels left.
You knew the following spells:

 Your Spells              Type           Power      Damage    Failure   Level
a - Ensorcelled Hibernat  Hex/Ice        18%        N/A       12%         2

Your spell library contained the following spells:

 Spells                   Type           Power      Damage    Failure   Level
 Confusing Touch          Hex            16%        N/A       9%          3
 Tukima's Dance           Hex            16%        N/A       9%          3
 Dazzling Flash           Conj/Hex       18%        N/A       24%         3
 Spider Form              Tmut/Pois      1%         N/A       52%         3
 Anguish                  Hex/Necr       4%         N/A       61%         4


Dungeon Overview and Level Annotations

Branches:
Dungeon (2/15)

Altars:

Annotations:
D:2 Natasha


Innate Abilities, Weirdness & Mutations

You have sharp claws.
You have razor-sharp teeth.
You have supernaturally acute eyesight. (SInv)
You cover ground quickly. (Speed+)
You are covered in fur. (AC +1)
Your paws help you pounce on unaware monsters.
You are incapable of wielding weapons or throwing items.
You cannot wear armour.
You gain extra lives every three experience levels.


Message History

It is a scroll of enchant weapon.
You aren't carrying any weapons that can be enchanted.
Okay, then.
Found a pair of gloves.
Found a hand axe.
You see here a +0 scale mail.
You see here a +0 hand axe.
Found a scroll of enchant weapon.
Found 6 stones.
You see here 6 stones.
A bat comes into view.
Found a stone staircase leading down.
The helpless bat fails to defend itself.
You claw the bat!
You kill the bat!
Your Dodging skill increases to level 3!
Found a scroll labelled LOLUTI DAJUASA.
Found a short sword.
Found 6 gold pieces.
Found a scroll labelled HILLEUREFFU.
c - a scroll labelled LOLUTI DAJUASA You now have 35 gold pieces (gained 6).
Found a robe.
Natasha, Servant of Life and Death comes into view.
You see here a scroll labelled HILLEUREFFU.
d - a scroll labelled HILLEUREFFU
As you read the scroll labelled LOLUTI DAJUASA, it crumbles to dust.
Magic quickly surges around you.
It was a scroll of vulnerability.
Natasha stares at you and mumbles some strange words.
The magic dart hits you!
Ouch! That really hurt!
Unknown command.
You fade into invisibility!
Natasha casts a spell at you. You resist with significant effort.
Found 3 atropa-tipped darts.
Natasha stares at you and mumbles some strange words.
The magic dart hits you.
Ouch! That really hurt!
You die...

##.).#.......#...# #...
#........####....# #...
#......#.####.#.## #...
#...............# #...
#...###........## #... #
#....##........# #.##
#.#..#.....# ####.##
#.#..###...# #......
#.....#.@..#....###......
..#........................
..........###..[..........(.
.....h.....# ...............
##.......#.# ..#..........<
#....#.#### ..............
#....#.. ##...........
#...#### (....#####. #...
### #[


You could see Natasha (weak-willed).

Vanquished Creatures
  A dart slug (D:1)
  A bat (D:2)
  An endoplasm (D:1)
  A giant cockroach (D:1)
  A goblin (D:1)
  2 hobgoblins (D:1)
  A quokka (D:1)
  A ball python (D:1)
  A rat (D:1)
10 creatures vanquished.

Notes
Turn   | Place    | Note
-------+----------+-------------------------------------------
     0 | D:1      | Leech the Felid Enchanter began the quest for the Orb.
     0 | D:1      | Reached XP level 1. HP: 7/7 MP: 4/4
   257 | D:1      | Reached XP level 2. HP: 3/11 MP: 6/6
   291 | D:1      | Learned a level 2 spell: Ensorcelled Hibernation
   624 | D:2      | Noticed Natasha
   632 | D:2      | Killed from afar by Natasha

Illustrated notes

Levels and vault maps discovered:
D:1:      spicycebolla_arrival_ecumenical, layout_loops_corners
D:2:      layout_rooms, serial_co_window_serial, co_window_of_opportunity_a,
          co_window_corner_a, co_window_corner_a, co_window_of_opportunity_a,
          co_window_paths_a, co_window_paths_a, co_window_paths_b,
          co_window_broadway_a, co_window_corner_ca, co_window_unsneaky_path_d,
          co_window_2corner, co_window_4corner_a, co_window_4corner_b,
          glass_columns_b, glass_columns_b, glass_columns_c, uniq_sigmund,
          uniq_natasha

Skill      XL: |  1  2 |
---------------+-------+-----
Dodging        | 3 |  3.0
Fighting       | |  0.1
Stealth        | |  4.2
Unarmed Combat | |  1.3
Spellcasting   | |  2.0
Hexes          | |  4.7

Action                   || total
-------------------------++-------
Melee: Unarmed           ||    29
       Bite              ||     1
  Use: Scroll            ||     4
       Potion            ||     2
 Stab: Sleeping          ||     3
       Invisible         ||     2
       Distracted        ||     1
Armor: Skin              ||     1
Dodge: Dodged            ||    24
